[Event "Titled Tuesday Blitz November 15 Early 2022"]
[White "Melaugh, Shane"]
[Black "Shuvalova, Polina"]
[WhiteFideId "2509580"]
[BlackFideId "24171760"]
[WhiteElo "2025"]
[BlackElo "2342"]
[Result "0-1"]
[Round "07"]
[TimeControl "180+1"]
[Date "2022.11.16"]
[WhiteClock "0:00:06"]
[BlackClock "0:00:21"]

1. c4 e5 2. Nc3 Nf6 3. Nf3 Nc6 4. e4 Bc5 5. Nxe5 Nxe5 6. d4 Bb4 7. dxe5 Nxe4 8. Qf3 Nxc3 9. bxc3 Ba5 10. Be2 O-O 11. O-O d6 12. Rd1 Qe7 13. exd6 cxd6 14. Ba3 Rd8 15. Bf1 Be6 16. Rab1 Bb6 17. Rd2 Rd7 18. Rbd1 Rad8 19. h3 h6 20. Qg3 Bc5 21. Bxc5 dxc5 22. Rxd7 Rxd7 23. Rxd7 Qxd7 24. Qb8+ Kh7 25. Qxa7 Qc6 26. Qa5 b6 27. Qb5 Qd6 28. a4 Qd1 29. a5 bxa5 30. Qxc5 a4 31. f4 g6 32. Kf2 Qd2+ 33. Be2 Qxf4+ 34. Ke1 Qc1+ 35. Kf2 a3 36. Qa7 Qb2 37. h4 h5 38. g4 a2 39. gxh5 a1=Q 40. hxg6+ Kxg6 41. h5+ Kh7 42. Qe3 Qxc3 43. Bd3+ Kg8 44. Qg5+ Qg7 45. Qd8+ Qf8 46. Bh7+ Kg7 47. h6+ Kxh7 48. Qxf8 Qf6+ 49. Ke2 Qxh6 50. Qc5 Qh2+ 51. Kd3 Qh3+ 52. Kc2 Qg4 53. Kc3 Qf3+ 54. Kb4 Qf5 55. Qg1 Qe4 56. Qh2+ Kg6 57. Qg3+ Qg4 58. Qd3+ f5 59. Qe3 Qxc4+ 60. Ka5 Qd5+ 61. Kb4 Qe4+ 62. Qxe4 fxe4 63. Kc3 Kf5 64. Kd2 Kf4 65. Ke2 Bg4+ 66. Kf2 e3+ 67. Kf1 Kf3 68. Ke1 e2 69. Kd2 Kf2 70. Kd3 e1=Q 0-1


[Site "https://www.chess.com"]

[Event "Titled Tuesday Blitz November 15 Early 2022"]
[White "Mendonca, Mateus Nakajo"]
[Black "Shipov, Sergei"]
[WhiteFideId "2110954"]
[BlackFideId "4113624"]
[WhiteElo "2310"]
[BlackElo "2773"]
[Result "0-1"]
[Round "07"]
[TimeControl "180+1"]
[Date "2022.11.16"]
[WhiteClock "0:00:13"]
[BlackClock "0:00:48"]

1. Nf3 d5 2. d4 Nf6 3. c4 dxc4 4. e3 c5 5. Bxc4 e6 6. O-O Nc6 7. Nc3 a6 8. a3 b5 9. Ba2 Bb7 10. d5 exd5 11. Nxd5 Be7 12. Nxe7 Qxe7 13. Qc2 O-O 14. Bd2 Ne4 15. Rac1 Rad8 16. Bb1 Nb8 17. Ba5 Rc8 18. Rfd1 Nd7 19. Nd2 Nef6 20. Bc3 Rfe8 21. Nf1 Be4 22. Qe2 Bxb1 23. Rxb1 Ne4 24. Be1 c4 25. f3 Nec5 26. Bb4 Qe6 27. Bxc5 Nxc5 28. Rd4 h6 29. Rbd1 Nd3 30. Rd2 Qb6 31. Rg4 Re6 32. Qd1 Rce8 33. Re2 f5 34. Rh4 f4 35. Qc2 fxe3 36. Qc3 g5 37. Re4 Rxe4 38. fxe4 Rxe4 39. Ng3 Nf4 40. Re1 e2+ 41. Kh1 Qf2 42. Rg1 e1=Q 43. Nxe4 Qexg1# 0-1


[Site "https://www.chess.com"]

[Event "Titled Tuesday Blitz November 15 Early 2022"]
[White "Mgeladze, Tamaz"]
[Black "Makridis, Dimitrios"]
[WhiteFideId "13601202"]
[BlackFideId "25864475"]
[WhiteElo "2288"]
[BlackElo "2272"]
[Result "1-0"]
[Round "07"]
[TimeControl "180+1"]
[Date "2022.11.15"]
[WhiteClock "0:00:36"]
[BlackClock "0:00:01"]

1. c4 Nf6 2. Nc3 g6 3. g3 Bg7 4. Bg2 O-O 5. Nf3 c6 6. d3 d5 7. Qb3 Na6 8. cxd5 cxd5 9. O-O d4 10. Nb5 e5 11. Nxe5 Nc5 12. Qa3 Ne6 13. Nc4 a6 14. Nbd6 Ra7 15. Bd2 b5 16. Nxc8 Qxc8 17. Nd6 Qb8 18. Rac1 h6 19. Ne4 Nxe4 20. Bxe4 Rc8 21. Rxc8+ Qxc8 22. Rc1 Rc7 23. Rxc7 Qxc7 24. Qb3 Nc5 25. Qc2 Qb6 26. Bf3 Kh7 27. Bb4 Ne6 28. h4 a5 29. Bd2 h5 30. Kg2 a4 31. Bb4 Qd8 32. Qc6 Qb8 33. Bd6 Qd8 34. Bb4 Bf6 35. Qxb5 Bxh4 36. gxh4 Qxh4 37. Bd6 a3 38. bxa3 Qd8 39. Qe5 Qh4 40. Qg3 Qd8 41. Be5 g5 42. Bxh5 Kg8 43. Bf3 Qa5 44. Bd6 Qf5 45. Qe5 1-0


[Site "https://www.chess.com"]

[Event "Titled Tuesday Blitz November 15 Early 2022"]
[White "Mika, Tomasz"]
[Black "Goltseva, Ekaterina"]
[WhiteFideId "1132970"]
[BlackFideId "24173770"]
[WhiteElo "2126"]
[BlackElo "2200"]
[Result "0-1"]
[Round "07"]
[TimeControl "180+1"]
[Date "2022.11.16"]
[WhiteClock "0:00:06"]
[BlackClock "0:00:25"]

1. Nf3 Nf6 2. c4 e6 3. g3 d5 4. b3 d4 5. Bb2 c5 6. b4 Nc6 7. b5 Na5 8. e3 d3 9. Ne5 Nxc4 10. Nxc4 Qd5 11. Rg1 Qxc4 12. Qb3 Qxb3 13. axb3 Nd5 14. Ba3 Be7 15. Bxd3 Bf6 16. Ra2 b6 17. f4 Bd7 18. e4 Bd4 19. Rf1 Nc7 20. Nc3 Bxc3 21. dxc3 Bxb5 22. c4 Bc6 23. Bb2 f6 24. g4 Ke7 25. g5 a5 26. Rg1 Rhg8 27. Bc3 Kf7 28. Kf2 Ne8 29. f5 e5 30. Ke3 Nd6 31. Bc2 a4 32. gxf6 gxf6 33. Rxg8 Kxg8 34. Ra1 axb3 35. Rxa8+ Bxa8 36. Bxb3 Bxe4 0-1


[Site "https://www.chess.com"]

[Event "Titled Tuesday Blitz November 15 Early 2022"]
[White "Minko, Dmitry"]
[Black "Szente Varga, Fruzsina"]
[WhiteFideId "24188468"]
[BlackFideId "712264"]
[WhiteElo "2147"]
[BlackElo "1994"]
[Result "0-1"]
[Round "07"]
[TimeControl "180+1"]
[Date "2022.11.16"]
[WhiteClock "0:00:02"]
[BlackClock "0:00:29"]

1. e4 e6 2. d4 d5 3. Nc3 Nf6 4. e5 Ng8 5. Nce2 c5 6. c3 Nc6 7. f4 Qb6 8. Nf3 Nh6 9. a3 Nf5 10. g4 Nh6 11. h3 Be7 12. Bg2 O-O 13. O-O f6 14. exf6 gxf6 15. f5 Nf7 16. Nf4 cxd4 17. cxd4 Nfe5 18. Be3 Nxf3+ 19. Rxf3 exf5 20. Nxd5 Qxb2 21. gxf5 Kh8 22. Rg3 Bxf5 23. Qf1 Bd6 24. Rf3 Be4 25. Rf2 Bxg2 26. Rxb2 Bxf1 27. Rxf1 Rg8+ 28. Kh1 Rg3 29. Rxf6 Rxh3+ 30. Kg1 Rg8+ 31. Rg2 Bxa3 32. Rxg8+ Kxg8 33. Rf5 a5 34. Bf4 Nxd4 35. Rg5+ Kf7 36. Nb6 Nf3+ 37. Kf1 Nxg5 38. Bxg5 Bc5 39. Nc4 Rf3+ 40. Ke2 Rc3 41. Nd2 Rc2 42. Kd3 Ra2 43. Nc4 Bb4 44. Bf4 Ra3+ 45. Kd4 Rh3 46. Be3 Rh4+ 47. Kd5 h5 48. Ne5+ Kf6 49. Bb6 Rh1 50. Bd8+ Kf5 51. Bb6 Rd1+ 52. Nd3 Rd2 0-1


[Site "https://www.chess.com"]

[Event "Titled Tuesday Blitz November 15 Early 2022"]
[White "Mischuk, Dmitry"]
[Black "Aaditya Dhingra"]
[WhiteFideId "14118734"]
[BlackFideId "25678191"]
[WhiteElo "2256"]
[BlackElo "2054"]
[Result "0-1"]
[Round "07"]
[TimeControl "180+1"]
[Date "2022.11.16"]
[WhiteClock "0:00:35"]
[BlackClock "0:00:30"]

1. d4 Nf6 2. c4 e6 3. g3 c5 4. d5 exd5 5. cxd5 d6 6. Nc3 g6 7. Nh3 Bg7 8. Nf4 O-O 9. Bg2 Re8 10. O-O Na6 11. e4 Nc7 12. a4 b6 13. Re1 Rb8 14. h3 a6 15. Qc2 b5 16. axb5 axb5 17. Be3 b4 18. Nb1 Nb5 19. Nd2 Nd7 20. Nc4 Ne5 21. Na5 Bd7 22. Ne2 Ra8 23. Nb3 c4 24. Nbd4 b3 25. Qd2 Nd3 26. Rxa8 Qxa8 27. Rd1 Qa2 28. Nxb5 Bxb5 29. Nd4 Bd7 30. Qc3 Nxb2 31. Rd2 Qb1+ 32. Kh2 Nd1 33. Qxc4 Nxe3 34. fxe3 b2 35. Qb4 Qe1 36. Qxb2 Qxe3 37. Nf5 gxf5 0-1


[Site "https://www.chess.com"]

[Event "Titled Tuesday Blitz November 15 Early 2022"]
[White "Mladenovic, Stefan"]
[Black "Lenderman, Aleksandr"]
[WhiteFideId "942227"]
[BlackFideId "2021285"]
[WhiteElo "2337"]
[BlackElo "2607"]
[Result "1/2-1/2"]
[Round "07"]
[TimeControl "180+1"]
[Date "2022.11.15"]
[WhiteClock "0:00:05"]
[BlackClock "0:00:37"]

1. d4 e6 2. Nf3 c5 3. e3 Nf6 4. Bd3 d5 5. O-O Nc6 6. b3 cxd4 7. exd4 g6 8. Bb2 Bg7 9. a3 O-O 10. Qe2 b6 11. Ne5 Bb7 12. Nd2 Rc8 13. f4 Ne7 14. g4 Qc7 15. f5 exf5 16. gxf5 Nxf5 17. Rxf5 gxf5 18. Bxf5 Rce8 19. Qf3 Bc8 20. Bd3 Be6 21. Rf1 Qc8 22. Qg3 Kh8 23. Qh4 Ne4 24. Nxe4 dxe4 25. Bxe4 f5 26. Ng6+ Kg8 27. Nxf8 Rxf8 28. Bd3 Bd5 29. c4 Bb7 30. Qg5 Rf6 31. Bxf5 Qf8 32. d5 Qc5+ 33. Rf2 Rf7 34. Bxh7+ Kh8 35. Bxg7+ Rxg7 36. Bg6 Qd4 37. Qd8+ Rg8 38. Qf6+ Qxf6 39. Rxf6 Bc8 40. Kf2 Kg7 41. Rc6 Rh8 42. Kg2 Bh3+ 43. Kg3 Bf1 44. Bf5 Rd8 45. Kf4 Rh8 46. h3 Bxh3 47. Bxh3 Rxh3 48. Ke5 Rxb3 49. Rc7+ Kg6 50. Rxa7 Rc3 51. Kd4 Rc1 52. Rb7 Rb1 53. a4 Kf5 54. d6 Rd1+ 55. Kc3 Rxd6 56. Kb4 Rc6 57. Kb5 Rc5+ 58. Kb4 Rc6 59. Rd7 Ke6 60. Rd5 Rc8 61. Kb5 Ra8 62. Kxb6 Rxa4 63. Rc5 Kd6 64. Rd5+ Ke6 65. Kb5 Ra8 66. Rd2 Rb8+ 67. Ka5 Rc8 68. Rc2 Kd6 69. Kb6 Rb8+ 70. Ka7 Kc7 71. c5 Rb1 72. Ka6 Kc6 73. Ka5 Rb5+ 74. Ka4 Rxc5 75. Rxc5+ Kxc5 1/2-1/2


[Site "https://www.chess.com"]

[Event "Titled Tuesday Blitz November 15 Early 2022"]
[White "Mohamed Anees M"]
[Black "Onslow, Alfie"]
[WhiteFideId "35065815"]
[BlackFideId "436976"]
[WhiteElo "2135"]
[BlackElo "2015"]
[Result "1-0"]
[Round "07"]
[TimeControl "180+1"]
[Date "2022.11.16"]
[WhiteClock "0:00:15"]
[BlackClock "0:00:03"]

1. Nf3 c5 2. e4 Nc6 3. d4 cxd4 4. Nxd4 e5 5. Nb5 d6 6. N1c3 a6 7. Na3 b5 8. Nd5 Nge7 9. Bg5 h6 10. Bxe7 Bxe7 11. c3 O-O 12. Be2 Be6 13. Nc2 Rc8 14. a4 bxa4 15. Rxa4 a5 16. O-O Rb8 17. Qc1 Bg5 18. Qa1 Bxd5 19. exd5 Ne7 20. Bc4 Qb6 21. b3 f5 22. Rxa5 f4 23. Ra6 Qc5 24. Ra5 Qc8 25. Ra7 f3 26. Ne1 fxg2 27. Nxg2 Qg4 28. Qd1 Qh3 29. Qc2 Nf5 30. Rfa1 Nh4 31. Nxh4 Bxh4 32. Qg6 Bxf2+ 33. Kh1 Qf3+ 34. Qg2 Qxg2+ 35. Kxg2 Bxa7 36. Rxa7 Rb6 37. Rd7 Rf7 38. Rd8+ Kh7 39. h4 g6 40. Re8 Kg7 41. Re6 Rf6 42. Re7+ Rf7 43. Re6 Rf4 44. Kg3 g5 45. h5 Rh4 46. Rg6+ Kh7 47. Bd3 Rxb3 48. Rxd6+ Kh8 49. Rxh6+ Kg7 50. Rg6+ Kf7 51. Rxg5 Rf4 52. Rxe5 Rf6 53. Bg6+ Kg7 54. Re3 Kh6 55. Rd3 Rd6 56. Kf4 Kg7 57. Ke5 Rd8 58. d6 Rb5+ 59. Ke6 Rg5 60. Ke7 Ra8 61. d7 Re5+ 62. Kd6 Re1 63. c4 Rc1 64. c5 Ra7 65. c6 Ra8 66. Be4 Re1 67. Bd5 Ree8 68. dxe8=Q Rxe8 69. c7 Re3 70. Rxe3 1-0


[Site "https://www.chess.com"]

[Event "Titled Tuesday Blitz November 15 Early 2022"]
[White "Mohammed, Zozek Salah Mohammed"]
[Black "Avazkhonov, Alikhon"]
[WhiteFideId "4803361"]
[BlackFideId "14208504"]
[WhiteElo "2199"]
[BlackElo "1739"]
[Result "1-0"]
[Round "07"]
[TimeControl "180+1"]
[Date "2022.11.16"]
[WhiteClock "0:01:29"]
[BlackClock "0:00:15"]

1. d4 Nf6 2. Nf3 e6 3. c4 Bb4+ 4. Bd2 Qe7 5. g3 Nc6 6. Bg2 O-O 7. O-O Bxd2 8. Nbxd2 d6 9. e4 e5 10. d5 Nb8 11. b4 a5 12. a3 Na6 13. Qb3 Bd7 14. Rfc1 c6 15. Ne1 Rfc8 16. Nd3 axb4 17. axb4 cxd5 18. cxd5 Bb5 19. Nc4 Qd8 20. Bh3 Rxc4 21. Rxc4 Bxc4 22. Qxc4 g6 23. b5 Nc5 24. Rxa8 Qxa8 25. Nxc5 dxc5 26. d6 Qd8 27. d7 1-0


[Site "https://www.chess.com"]

[Event "Titled Tuesday Blitz November 15 Early 2022"]
[White "Mouhamad, Joachim"]
[Black "Matinian, Nikita"]
[WhiteFideId "656410"]
[BlackFideId "24129100"]
[WhiteElo "2164"]
[BlackElo "2422"]
[Result "0-1"]
[Round "07"]
[TimeControl "180+1"]
[Date "2022.11.16"]
[WhiteClock "0:00:49"]
[BlackClock "0:01:29"]

1. e4 c5 2. Nf3 d6 3. d4 cxd4 4. Nxd4 Nf6 5. Nc3 g6 6. f3 Bg7 7. Be3 Nc6 8. Qd2 Bd7 9. O-O-O h5 10. Kb1 Rc8 11. Nd5 a6 12. g3 b5 13. Rg1 Ne5 14. h3 Nc4 15. Bxc4 Rxc4 16. g4 hxg4 17. hxg4 Nxd5 18. exd5 Qa8 19. Nb3 b4 20. Na5 Rc8 21. Bd4 f6 22. g5 Qxd5 23. gxf6 Bxf6 24. Bxf6 Qxd2 25. Rxd2 exf6 26. Nb7 Rc6 27. Nxd6+ Kf8 28. Ne4 Bf5 29. Rd6 Bxe4 30. Rd8+ Kg7 31. Rxh8 Bxc2+ 0-1


[Site "https://www.chess.com"]

[Event "Titled Tuesday Blitz November 15 Early 2022"]
[White "Muminova, Nafisa"]
[Black "Torres Dominguez, David"]
[WhiteFideId "14201526"]
[BlackFideId "2220857"]
[WhiteElo "2258"]
[BlackElo "2037"]
[Result "1-0"]
[Round "07"]
[TimeControl "180+1"]
[Date "2022.11.16"]
[WhiteClock "0:00:53"]
[BlackClock "0:00:04"]

1. e4 Nc6 2. d4 e5 3. Nf3 exd4 4. Nxd4 Nf6 5. Nxc6 bxc6 6. e5 Qe7 7. Qe2 Nd5 8. c4 Ba6 9. Nd2 g6 10. Nf3 Bg7 11. Bg5 Qb4+ 12. Qd2 Qxd2+ 13. Bxd2 Nb6 14. b3 d6 15. O-O-O dxe5 16. Nxe5 O-O 17. Bf4 c5 18. Nd3 Bb7 19. Nxc5 Bc6 20. f3 a5 21. Bxc7 Nc8 22. Bd3 a4 23. b4 a3 24. b5 Bb2+ 25. Kc2 Be8 26. Be4 Ra7 27. Bb8 Re7 28. Rhe1 Nb6 29. Bd6 Rxe4 30. Rxe4 f5 31. Ree1 Nxc4 32. Bxf8 Kxf8 33. Rd8 1-0


[Site "https://www.chess.com"]

[Event "Titled Tuesday Blitz November 15 Early 2022"]
[White "Nguyen, Thai Dai Van"]
[Black "Dubov, Daniil"]
[WhiteFideId "358878"]
[BlackFideId "24126055"]
[WhiteElo "2534"]
[BlackElo "2791"]
[Result "1/2-1/2"]
[Round "07"]
[TimeControl "180+1"]
[Date "2022.11.15"]
[WhiteClock "0:00:09"]
[BlackClock "0:00:08"]

1. e4 c5 2. Nf3 d6 3. d4 cxd4 4. Nxd4 Nf6 5. Nc3 Nc6 6. Bg5 g6 7. Bxf6 exf6 8. Bb5 Bd7 9. O-O Bg7 10. Ba4 O-O 11. Nxc6 Bxc6 12. Qd3 Rc8 13. Rad1 f5 14. exf5 Bxc3 15. Bxc6 Rxc6 16. bxc3 Qf6 17. fxg6 hxg6 18. h3 Rd8 19. c4 Qe6 20. Rfe1 Qxc4 21. Re7 Qxa2 22. Rxb7 a5 23. Re1 Rxc2 24. Qd4 Re2 25. Rc1 Qe6 26. Rcc7 Re4 27. Qc3 Rf8 28. Qxa5 Re1+ 29. Kh2 Re2 30. f3 Qf6 31. Qb5 Qxf3 32. Qg5 Qe4 33. Re7 Qd3 34. Rxe2 Qxe2 35. Re7 Qc4 36. h4 Qc5 37. Qxc5 dxc5 38. Rc7 Rd8 39. Rxc5 Kg7 40. g3 Rd4 41. Kh3 Kh6 42. Rc3 f5 43. Rf3 Rc4 44. Rf4 Rxf4 45. gxf4 Kg7 46. h5 gxh5 47. Kh4 Kg6 48. Kh3 Kg7 49. Kh4 Kh6 50. Kh3 Kg6 51. Kh4 Kh6 52. Kh3 Kg7 1/2-1/2


[Site "https://www.chess.com"]

[Event "Titled Tuesday Blitz November 15 Early 2022"]
[White "Odegov, Artem"]
[Black "Nugumanov, Bakhtiyar"]
[WhiteFideId "34183644"]
[BlackFideId "13701797"]
[WhiteElo "2298"]
[BlackElo "2287"]
[Result "1-0"]
[Round "07"]
[TimeControl "180+1"]
[Date "2022.11.16"]
[WhiteClock "0:01:34"]
[BlackClock "0:00:05"]

1. d4 d6 2. c4 e5 3. Nf3 e4 4. Nfd2 f5 5. e3 Nf6 6. b4 c6 7. Bb2 Be7 8. Nc3 O-O 9. Be2 d5 10. c5 Be6 11. b5 f4 12. exf4 Qc7 13. g3 Nbd7 14. a4 b6 15. bxc6 Qxc6 16. Bb5 Qc7 17. c6 a6 18. cxd7 axb5 19. Nxb5 Qxd7 20. O-O Bg4 21. Qb3 Qf5 22. h4 Nh5 23. Rfe1 Kh8 24. Nf1 Bh3 25. Ne3 Qg6 26. Nc7 Bxh4 27. Nexd5 Nxg3 28. fxg3 Bxg3 29. Re2 Bxf4+ 30. Kh1 Bg4 31. Nxf4 Rxf4 32. Rg2 Bf3 33. Qxf3 Qh6+ 34. Rh2 Qxh2+ 35. Kxh2 Rxf3 36. Nxa8 Rf2+ 37. Kg3 Rxb2 38. Rc1 h5 39. d5 Rd2 40. Nxb6 Rd3+ 41. Kf4 h4 42. Kxe4 Ra3 43. d6 h3 44. d7 1-0


[Site "https://www.chess.com"]

[Event "Titled Tuesday Blitz November 15 Early 2022"]
[White "Orlov, Georgi"]
[Black "Tanenbaum, Zachary"]
[WhiteFideId "2011271"]
[BlackFideId "2060850"]
[WhiteElo "2543"]
[BlackElo "2175"]
[Result "0-1"]
[Round "07"]
[TimeControl "180+1"]
[Date "2022.11.16"]
[WhiteClock "0:00:14"]
[BlackClock "0:00:44"]

1. e4 e5 2. Nf3 Nc6 3. Bc4 Nf6 4. d3 Be7 5. Bb3 O-O 6. O-O d5 7. exd5 Nxd5 8. Re1 Bg4 9. c3 Nb6 10. h3 Bh5 11. g4 Bg6 12. Nxe5 Nxe5 13. Rxe5 Bd6 14. Re3 Kh8 15. Nd2 f5 16. gxf5 Bxf5 17. Ne4 Qh4 18. Nxd6 cxd6 19. Qf1 Nd7 20. d4 Rae8 21. Rf3 Be4 22. Rg3 Rf3 23. Qg2 Rf5 24. Qh2 Nf6 25. Be3 Bf3 26. Bf7 Re7 27. Bc4 Ne4 28. Bf1 Nxg3 29. Qxg3 Qxg3+ 30. fxg3 Rxe3 0-1


[Site "https://www.chess.com"]

[Event "Titled Tuesday Blitz November 15 Early 2022"]
[White "Osinovsky, Stepan"]
[Black "Barria Zuniga, Daniel"]
[WhiteFideId "4157354"]
[BlackFideId "3400816"]
[WhiteElo "2222"]
[BlackElo "2414"]
[Result "0-1"]
[Round "07"]
[TimeControl "180+1"]
[Date "2022.11.16"]
[WhiteClock "0:00:32"]
[BlackClock "0:00:50"]

1. Nf3 d5 2. g3 e6 3. Bg2 Nf6 4. O-O Be7 5. d3 O-O 6. Nbd2 c5 7. e4 Nc6 8. Re1 Qc7 9. Qe2 b5 10. e5 Nd7 11. h4 b4 12. h5 a5 13. h6 g6 14. Nf1 Ba6 15. Bf4 c4 16. N1h2 Rfc8 17. Ng4 Qd8 18. Qe3 cxd3 19. cxd3 Nc5 20. Red1 a4 21. Nf6+ Bxf6 22. exf6 Nd7 23. Ne5 Ndxe5 24. Bxe5 Nxe5 25. Qxe5 Rc2 26. Rac1 Rac8 27. Rxc2 Rxc2 28. Qd4 Qf8 29. Qxb4 Qxb4 0-1


[Site "https://www.chess.com"]

[Event "Titled Tuesday Blitz November 15 Early 2022"]
[White "Ovchinnikov, Vsevolod"]
[Black "Tarasova, Viktoriya"]
[WhiteFideId "24176842"]
[BlackFideId "4175840"]
[WhiteElo "2376"]
[BlackElo "2182"]
[Result "1-0"]
[Round "07"]
[TimeControl "180+1"]
[Date "2022.11.16"]
[WhiteClock "0:00:11"]
[BlackClock "0:00:02"]

1. d4 Nf6 2. c4 e6 3. g3 d5 4. Bg2 Bb4+ 5. Bd2 Be7 6. Nf3 O-O 7. Qc2 c6 8. O-O Nbd7 9. Bf4 b6 10. Nbd2 Nh5 11. Be3 Bb7 12. Rac1 a5 13. Rfd1 Rc8 14. h3 Nhf6 15. Qb1 c5 16. Ne5 Qc7 17. Nxd7 Qxd7 18. dxc5 bxc5 19. cxd5 exd5 20. Bg5 Qb5 21. e3 h6 22. Bxf6 Bxf6 23. b3 Rfd8 24. Qf5 Qb6 25. Nf1 Qe6 26. Qxe6 fxe6 27. Rc2 Kf7 28. Nd2 Ba6 29. Rdc1 Be7 30. Bf1 Bb7 31. Nf3 Bd6 32. Ne1 Rc7 33. Nd3 Rdc8 34. Nb2 e5 35. Be2 g6 36. Bg4 Rb8 37. h4 h5 38. Bh3 Bc8 39. Bxc8 Rbxc8 40. Kf1 Ke6 41. Ke2 e4 42. Rd1 Be5 43. Na4 Rc6 44. Rcd2 Rd8 45. Rc2 Rdc8 46. Rcd2 Rd8 47. Rc1 Rdc8 48. Rdc2 Bd6 49. Nc3 Be5 50. Rd2 Rd8 51. Na4 Bd6 52. Rcd1 Be7 53. Rc2 Rdc8 54. Rdc1 R8c7 55. Ke1 Rc8 56. Kf1 R8c7 57. Ke2 Rc8 58. Nc3 R8c7 59. Rd2 Rd7 60. Rcd1 Rcd6 61. Nb5 Rb6 62. Nc3 Rbd6 63. Na4 Rc6 64. Kf1 Rd8 65. Kg1 Rd7 66. Nc3 Rcd6 67. Kf1 Rd8 68. Ne2 Ke5 69. Kg2 Bf6 70. Rc2 Rc6 71. Nf4 d4 72. exd4+ Rxd4 73. Re1 Kf5 74. Ne2 Rd5 75. Rec1 Be7 76. Nf4 Re5 77. Rd1 e3 78. fxe3 Rxe3 79. Rf2 1-0


[Site "https://www.chess.com"]

[Event "Titled Tuesday Blitz November 15 Early 2022"]
[White "Ozen, Bahadir"]
[Black "Firouzja, Alireza"]
[WhiteFideId "6337058"]
[BlackFideId "12573981"]
[WhiteElo "2503"]
[BlackElo "2903"]
[Result "0-1"]
[Round "07"]
[TimeControl "180+1"]
[Date "2022.11.15"]
[WhiteClock "0:00:14"]
[BlackClock "0:01:50"]

1. g3 d5 2. Nf3 Nf6 3. Bg2 g6 4. O-O b5 5. b4 a5 6. bxa5 Rxa5 7. Bb2 Bg7 8. d3 O-O 9. Nbd2 c5 10. Nb3 Ra8 11. Nxc5 Qd6 12. Nb3 Nc6 13. Nbd4 Na7 14. a4 bxa4 15. Rxa4 Bd7 16. Ra1 e5 17. Ba3 Qc7 18. Bxf8 Rxf8 19. Nb3 Nb5 20. c4 dxc4 21. dxc4 Nc3 22. Qc2 Qxc4 23. Kh1 Bf5 24. Nbd2 Qc7 25. Qc1 Rc8 26. e4 Bd7 27. Ra3 Bb5 28. Rxc3 Qxc3 29. Qxc3 Rxc3 30. Rb1 Bd3 31. Re1 Ng4 32. Kg1 Bf8 33. h3 Nxf2 34. Nxe5 Bc5 35. Kh2 Rc2 36. Nef3 Bb4 37. Kg1 Bxd2 38. Nxd2 Rxd2 39. e5 Bc4 40. Rc1 Be6 41. g4 Nd3 0-1


[Site "https://www.chess.com"]

[Event "Titled Tuesday Blitz November 15 Early 2022"]
[White "Pakleza, Zbigniew"]
[Black "Shimanov, Aleksandr"]
[WhiteFideId "1119290"]
[BlackFideId "4198603"]
[WhiteElo "2411"]
[BlackElo "2605"]
[Result "0-1"]
[Round "07"]
[TimeControl "180+1"]
[Date "2022.11.15"]
[WhiteClock "0:00:05"]
[BlackClock "0:00:25"]

1. d4 g6 2. Nf3 Bg7 3. Bf4 d6 4. e3 Nd7 5. h3 e5 6. Bh2 Ne7 7. Be2 O-O 8. O-O h6 9. c4 Nf5 10. Nc3 exd4 11. exd4 Re8 12. Re1 Nf6 13. Bd3 Rxe1+ 14. Qxe1 Nh7 15. d5 Bd7 16. Qd2 Nh4 17. Nxh4 Qxh4 18. Bg3 Qf6 19. Re1 a5 20. Bf4 Ng5 21. h4 Nh7 22. Bxh6 Qxh4 23. Bxg7 Kxg7 24. Ne4 Nf6 25. g3 Nxe4 26. Rxe4 Qf6 27. Rh4 Kg8 28. Qh6 Qg7 29. Qxg7+ Kxg7 30. b3 a4 31. b4 b6 32. a3 Re8 33. Re4 Rxe4 34. Bxe4 Kf6 35. f4 Bf5 36. Bf3 Bd3 37. c5 dxc5 38. bxc5 bxc5 39. Kf2 Ke7 40. Ke3 Bc4 41. Kd2 Kd6 42. Kc3 Bxd5 43. Bd1 Bc6 44. Bc2 Be8 45. g4 Kd5 46. g5 Bd7 47. Bd3 Be8 48. Bc2 c4 49. Bb1 Bd7 50. Bc2 Kc5 51. Bb1 Bf5 52. Ba2 Bd3 53. Kd2 Kd4 54. Bxc4 Bxc4 0-1


[Site "https://www.chess.com"]

[Event "Titled Tuesday Blitz November 15 Early 2022"]
[White "Palencia Morales, Wilson Guillermo"]
[Black "Martin, Lewis"]
[WhiteFideId "4401859"]
[BlackFideId "410551"]
[WhiteElo "2160"]
[BlackElo "2145"]
[Result "1-0"]
[Round "07"]
[TimeControl "180+1"]
[Date "2022.11.16"]
[WhiteClock "0:01:40"]
[BlackClock "0:01:13"]

1. d4 d5 2. c4 c6 3. Nf3 Nf6 4. Nc3 e6 5. Bg5 Nbd7 6. Qc2 Bb4 7. a3 Qa5 8. Bd2 dxc4 9. e4 b5 10. e5 Nd5 11. Ne4 Bxd2+ 12. Nfxd2 O-O 13. Ng5 g6 14. h4 c3 15. bxc3 Qxc3 16. Qxc3 Nxc3 17. Rc1 Nd5 18. Rxc6 a6 19. Rd6 N7b6 20. h5 Bb7 21. hxg6 hxg6 22. Nde4 Rac8 23. Kd2 Rfd8 24. Rxd8+ Rxd8 25. Rh7 Rf8 26. Nf6+ Nxf6 27. exf6 Rd8 28. Rg7+ Kh8 29. Nxf7# 1-0


[Site "https://www.chess.com"]

[Event "Titled Tuesday Blitz November 15 Early 2022"]
[White "Papayan, Oleg"]
[Black "Narayanan, Srinath"]
[WhiteFideId "4193911"]
[BlackFideId "5018420"]
[WhiteElo "2153"]
[BlackElo "2459"]
[Result "0-1"]
[Round "07"]
[TimeControl "180+1"]
[Date "2022.11.16"]
[WhiteClock "0:00:03"]
[BlackClock "0:00:09"]

1. e4 c5 2. Nf3 d6 3. Bb5+ Nd7 4. O-O a6 5. Bxd7+ Bxd7 6. c3 Nf6 7. Re1 g6 8. d4 Bg7 9. e5 dxe5 10. dxe5 Nh5 11. Nbd2 O-O 12. Ne4 Rc8 13. Bg5 Bg4 14. Qxd8 Rfxd8 15. Bxe7 Rd7 16. Nf6+ Bxf6 17. exf6 Bxf3 18. gxf3 Nf4 19. Rad1 Rd3 20. c4 g5 21. b3 Rxf3 22. Re5 Nh3+ 23. Kg2 g4 24. Rd2 h5 25. Rxc5 Rxc5 26. Bxc5 Rxf6 27. Rd8+ Kh7 28. Be3 b5 29. cxb5 axb5 30. Rd5 Ra6 31. Rxh5+ Kg6 32. Rxb5 Rxa2 33. Rb6+ f6 34. b4 Ra1 35. Rxf6+ Kg7 36. f3 Ra2+ 37. Kg3 Kxf6 38. fxg4 Ng5 39. h4 Ne6 40. b5 Ke5 41. b6 Ke4 42. Bg1 Nf4 43. Bf2 Ra3+ 44. Kh2 Kf3 45. Be1 Ra2+ 46. Kh1 Ra1 47. b7 Rxe1+ 48. Kh2 Re2+ 49. Kg1 Rb2 50. Kf1 Rb1# 0-1


[Site "https://www.chess.com"]

[Event "Titled Tuesday Blitz November 15 Early 2022"]
[White "Pein, Jonathan"]
[Black "Ambartsumova, Karina"]
[WhiteFideId "417092"]
[BlackFideId "4166299"]
[WhiteElo "2227"]
[BlackElo "2319"]
[Result "0-1"]
[Round "07"]
[TimeControl "180+1"]
[Date "2022.11.16"]
[WhiteClock "0:00:02"]
[BlackClock "0:00:06"]

1. d4 Nf6 2. f3 d5 3. e4 dxe4 4. Nc3 e5 5. dxe5 Qxd1+ 6. Kxd1 Nfd7 7. e6 fxe6 8. Nxe4 Nf6 9. Nxf6+ gxf6 10. Be3 Nc6 11. c3 Bd7 12. Kc2 O-O-O 13. Rd1 e5 14. Bd3 Be6 15. b3 Be7 16. Ne2 f5 17. Bb5 f4 18. Bxc6 bxc6 19. Bf2 Kb7 20. c4 Bf5+ 21. Kb2 Rhg8 22. g4 Bd3 23. Nc3 Bf6 24. Rhe1 e4 25. fxe4 Rxg4 26. e5 Be7 27. Rd2 Rg2 28. Red1 Rxh2 29. Na4 Bf5 30. Rxd8 Bxd8 31. Rxd8 Rxf2+ 32. Kc3 c5 33. Nxc5+ Kc6 34. e6 Rc2+ 35. Kb4 a5+ 36. Ka3 Kxc5 37. e7 Bg6 38. Rg8 Re2 39. Rg7 f3 40. b4+ axb4+ 41. Ka4 f2 42. e8=Q Rxe8 43. Rxh7 Bxh7 0-1


[Site "https://www.chess.com"]